 Dungeon Crawl Stone Soup version 0.25-a0-310-g60f0ac2d9a (webtiles) character file.

Game seed: 15044432729194033933, levelgen mode: classic

21 Borgoz the Sneak (level 3, -1/22 HPs)
             Began as a Kobold Assassin on Dec 23, 2019.
             Slain by a white imp (5 damage)
             ... summoned by Natasha
             ... on level 2 of the Dungeon.
             The game lasted 00:00:47 (817 turns).

Borgoz the Sneak (Kobold Assassin)                   Turns: 817, Time: 00:00:47

Health: -1/22      AC:  4    Str:  8    XL:     3   Next: 5%
Magic:  3/3        EV: 15    Int: 12    God:
Gold:   63         SH:  0    Dex: 17    Spells: 2/2 levels left

rFire    . . .     SeeInvis .   a - +2 dagger
rCold    . . .     Gourm    .   (shield restricted)
rNeg     . . .     Faith    .   b - +0 robe
rPois    .         Spirit   .   (no helmet)
rElec    .         Reflect  .   c - +0 cloak
rCorr    .         Harm     .   (no gloves)
MR       .....                  l - +0 pair of boots
Stlth    +++.......             (no amulet)
HPRegen  0.07/turn              (no ring)
MPRegen  0.08/turn              (no ring)

@: no status effects
A: small, carnivore
a: no special abilities


You were on level 2 of the Dungeon.
You were not hungry.

You visited 1 branch of the dungeon, and saw 2 of its levels.

You collected 63 gold pieces.

Inventory:

Hand Weapons
 a - a +2 dagger (weapon)
Missiles
 d - 6 poisoned darts (quivered)
 e - 2 curare-tipped darts
Armour
 b - a +0 robe (worn)
 c - a +0 cloak (worn)
 l - a +0 pair of boots (worn)
Scrolls
 g - a scroll of amnesia {unknown}
 k - a scroll of remove curse {unknown}
Potions
 h - a potion of might {unknown}
 i - a potion of heal wounds {unknown}
 j - a potion of berserk rage {unknown}
 m - a potion of brilliance {unknown}
Comestibles
 f - 4 rations


   Skills:
 * Level 2.6 Fighting
 * Level 3.2 Short Blades
 - Level 2.1 Throwing
 * Level 0.7 Armour
 * Level 1.9 Dodging
 - Level 5.3 Stealth


You had 2 spell levels left.
You didn't know any spells.
Your spell library was empty.

Dungeon Overview and Level Annotations

Branches:
Dungeon (2/15)

Altars:

Annotations:
D:2 Natasha


Innate Abilities, Weirdness & Mutations

You are small and have problems with some larger weapons.
You are carnivorous and can eat meat at any time.


Message History

Natasha barely misses you. The white imp gestures at you.
The puff of frost hits you!
You are now empty-handed.
a - a +2 dagger (weapon)
Natasha barely misses you. The white imp barely misses you.
Throwing (i - inventory. (/) - cycle)
d - 8 poisoned darts (quivered)
Press: ? - help, Shift-Dir - straight line, f - white imp
Aim: a white imp (summoned)
You throw a poisoned dart. The poisoned dart hits the white imp.
Natasha barely misses you.
Throwing (i - inventory. (/) - cycle)
d - 7 poisoned darts (quivered)
Press: ? - help, Shift-Dir - straight line, f - Natasha, p - white imp
Aim: Natasha (moderately wounded)
You throw a poisoned dart. The poisoned dart hits Natasha.
Natasha is poisoned.
Natasha is moderately wounded.
The white imp hits you.
* * * LOW HITPOINT WARNING * * *
The white imp freezes you.
You die...

♣♣♣.................
♣♣...#........<##.
♣.♣............#
♣.....#####....##
......# #.....#
....♣.#.# ##†.##.#
.♣♣♣#.#.# ##..## .#
♣♣ #.#.###..## #
.......@# ....#.#h5#
... #...... ..
#........ .
#..?..P..?.
....P.....?
..#...P♣....
.#.#...♣♣....


You could see Natasha and a white imp.

Vanquished Creatures
  An adder (D:2)
  A leopard gecko (D:1)
  A ball python (D:1)
  6 bats
  3 kobolds (D:1)
  A rat (D:1)
13 creatures vanquished.

Notes
Turn   | Place    | Note
-------+----------+-------------------------------------------
     0 | D:1      | Borgoz the Kobold Assassin began the quest for the Orb.
     0 | D:1      | Reached XP level 1. HP: 12/12 MP: 1/1
   122 | D:1      | Reached XP level 2. HP: 16/18 MP: 2/2
   798 | D:2      | Noticed Natasha
   799 | D:2      | Reached XP level 3. HP: 22/22 MP: 3/3
   817 | D:2      | Slain by a white imp

Levels and vault maps discovered:
D:1:      scummos_arrival_star, layout_basic
D:2:      layout_rooms, serial_forest, infiniplex_forest_clump_curved,
          infiniplex_forest_lined_3_way, infiniplex_forest_zigzag_1,
          infiniplex_forest_clump_diagonal, infiniplex_forest_zigzag_1,
          infiniplex_forest_end_2, infiniplex_forest_clump_long,
          infiniplex_forest_straight_2, uniq_natasha

Skill      XL: |  1  2 |
---------------+-------+-----
Short Blades   | 3 |  3.2
Fighting       | |  2.6
Throwing       | |  2.1
Armour         | |  0.7
Dodging        | |  1.9
Stealth        | |  5.3

Action                   || total
-------------------------++-------
Melee: Dagger            ||    31
Throw: Dart              ||     2
 Stab: Sleeping          ||     8
Armor: Robe              ||     4
Dodge: Dodged            ||    18

Table legend:
 A = Non-vault XP
 B = Vault XP
 C = Vault XP percentage of total XP
 D = Non-vault monster count
 E = Vault monster count
 F = Vault count percentage of total count
                 A         B        C        D         E       F
            +---------+---------+-------+---------+---------+-------
      Total |      31 |       0 |   0.0 |      13 |       0 |   0.0
            +---------+---------+-------+---------+---------+-------
        D:1 |      16 |       0 |   0.0 |      11 |       0 |   0.0
        D:2 |      15 |       0 |   0.0 |       2 |       0 |   0.0
            +---------+---------+-------+---------+---------+-------
